 Dungeon Crawl Stone Soup version 0.28-b1-25-g9875b3fc8c (webtiles) character file.

Game seed: 6790123032517368047

14 lordive the Caller (level 2, 0/15 HPs)
             Began as a Tengu Summoner on Jan 31, 2022.
             Slain by a quokka (1 damage)
             ... on level 1 of the Dungeon.
             The game lasted 00:01:26 (474 turns).

lordive the Caller (Tengu Summoner)                  Turns: 474, Time: 00:01:27

Health: 0/15       AC:  2    Str:  8    XL:     2   Next: 41%
Magic:  2/6        EV: 12    Int: 15    God:
Gold:   12         SH:  0    Dex: 14    Spells: 2/5 levels left

rFire   . . .      SeeInvis .   (no weapon)
rCold   . . .      Faith    .   (no shield)
rNeg    . . .      Spirit   .   a - +0 robe
rPois   .          Reflect  .   (helmet restricted)
rElec   .          Harm     .   (no cloak)
rCorr   .          Rampage  .   (no gloves)
Will    .....                   (boots unavailable)
Stlth   ++........              (no amulet)
HPRegen 0.05/turn               (no ring)
MPRegen 0.10/turn               (no ring)

@: no status effects
A: beak, talons 3
a: no special abilities


You were on level 1 of the Dungeon.
You visited 1 branch of the dungeon, and saw 1 of its levels.

You collected 12 gold pieces.

Inventory:

Armour
 a - a +0 robe (worn)
 b - a +0 leather armour
Scrolls
 c - a scroll of teleportation {unknown}


   Skills:
 + Level 2.2 Dodging
 - Level 2.0 Stealth
 + Level 2.1 Spellcasting
 * Level 5.4 Summonings


You had 2 spell levels left.
You knew the following spells:

 Your Spells              Type           Power      Damage    Failure   Level
a - Summon Small Mammal   Summ           68%        N/A       2%          1
b - Call Imp              Summ           17%        N/A       3%          2

Your spell library contained the following spells:

 Spells                   Type           Power      Damage    Failure   Level
 Call Canine Familiar     Summ           17%        N/A       7%          3
 Summon Guardian Golem    Hex/Summ       9%         N/A       22%         3
 Summon Lightning Spire   Summ/Air       9%         N/A       56%         4


Dungeon Overview and Level Annotations

Branches:
Dungeon (1/15)

Altars:


Innate Abilities, Weirdness & Mutations

You have a beak for a mouth.
You have claws for feet.


Message History

Your bat hits the quokka but does no damage.
The kobold barely misses you.
Your crimson imp blinks!
Your bat hits the quokka but does no damage.
Your bat misses the kobold. The kobold hits you but does no damage.
The quokka closely misses you.
Your bat hits the kobold but does no damage.
The quokka bites you. The kobold barely misses you.
Casting: Summon Small Mammal (safe; 2% risk of failure)
Confirm with . or Enter, or press ? or * to list all spells.
Your bat closely misses the kobold.
The quokka closely misses you. The kobold hits you with a +0 dagger.
The quokka barely misses you.
Your bat closely misses the quokka.
The kobold throws a stone.
The stone hits you.
Your crimson imp hits the kobold.
Your bat closely misses the quokka.
Your bat completely misses the quokka.
Your bat barely misses the quokka.
Your crimson imp completely misses the kobold.
Your bat hits the kobold but does no damage.
Your rat bites the quokka.
Your bat closely misses the kobold.
Your rat barely misses the quokka.
Casting: Summon Small Mammal (safe; 2% risk of failure)
Confirm with . or Enter, or press ? or * to list all spells.
A beastly little devil appears in a puff of flame.
Your crimson imp disappears in a puff of smoke!
Your bat hits the kobold but does no damage.
The quokka bites you.
* * * LOW HITPOINT WARNING * * *
The quokka barely misses you. The kobold hits you with a +0 dagger.
* * * LOW HITPOINT WARNING * * *
Your rat barely misses the quokka.
Your bat hits the kobold.
Your crimson imp hits the kobold.
The kobold dies!
Your bat barely misses the quokka.
Your bat hits the quokka.
Your bat barely misses the quokka.
Your bat hits the quokka but does no damage. x2
The quokka bites you but does no damage.
Your bat closely misses the quokka.
Your bat misses the quokka. Your bat hits the quokka. The quokka bites you.
You die...

#≈≈......≈≈≈##.#......#.#
#≈≈.......≈≈##.##....#.#.#
#≈≈..≈≈≈..≈≈##.##....##.#.
#≈≈.≈≈≈≈≈.≈≈##.##...#.##......##
#...≈.≈≈≈..≈##.##5.#.#..........
#≈..≈≈≈.≈≈.≈##.#.r.##...........
#..≈≈≈≈≈....#....b#.............
#..≈≈≈≈≈≈≈..#..##r..........r...
..≈.≈≈≈.≈≈.#...@.............
≈≈..≈.≈≈..#..###.##.###.#.####
≈≈≈.≈.≈≈..#..# #..............
...≈≈.≈.≈..#..# #.##.##.##....#
.......≈..##..# #)##.##..# ..#
#.........#..# #.##.##..##..)#
.. #.......##..###.##.##.......#
........##..#..................#
.....#.###..##......).#.#####...


You could see a quokka (ally target), a friendly crimson imp (summoned), a
friendly bat (summoned) and a friendly rat (summoned).

Vanquished Creatures (collateral kills)
  A dart slug (D:1)
  An endoplasm (D:1)
  2 goblins (D:1)
  3 hobgoblins (D:1)
  A frilled lizard (D:1)
  2 kobolds (D:1)
  2 rats (D:1)
12 creatures vanquished.

Notes
Turn   | Place    | Note
-------+----------+-------------------------------------------
     0 | D:1      | lordive the Tengu Summoner began the quest for the Orb.
     0 | D:1      | Reached XP level 1. HP: 10/10 MP: 4/4
   104 | D:1      | Found a faded altar of an unknown god.
   138 | D:1      | Reached skill level 5 in Summonings
   206 | D:1      | Reached XP level 2. HP: 9/15 MP: 3/6
   246 | D:1      | Learned a level 2 spell: Call Imp
   474 | D:1      | Slain by a quokka

Illustrated notes

Levels and vault maps discovered:
D:1:      dpeg_arrival_more_subterranean_lakeside_camping, layout_basic,
          shapermc_ecumenical_altar_starsandcircs,
          minmay_misc_feat_secret_circle

Skill      XL: |  1 |
---------------+----+-----
Summonings     | 5 |  5.4
Dodging        | |  2.2
Stealth        | |  2.0
Spellcasting   | |  2.1

Action                   || total
-------------------------++-------
 Cast: Summon Small Mamm ||    18
       Call Imp          ||     3
Armor: Robe              ||     3
Dodge: Dodged            ||    22
